 Dungeon Crawl Stone Soup version 0.21.1-1-g345015f (webtiles) character file.

132 prawnwizard the Firebug (level 4, -2/24 HPs)
             Began as a Deep Elf Fire Elementalist on July 2, 2018.
             Slain by a scorpion (5 damage)
             ... on level 3 of the Dungeon.
             The game lasted 00:12:42 (2479 turns).

prawnwizard the Firebug (DEFE)                      Turns: 2479, Time: 00:12:43

Health: -2/24      AC:  3    Str:  5    XL:     4   Next: 92%
Magic:  2/12       EV: 14    Int: 21    God:
Gold:   132        SH:  0    Dex: 15    Spells: 1/11 levels left

rFire    . . .     SeeInvis .   f - +0 dagger (protect)
rCold    . . .     Gourm    .   (no shield)
rNeg     . . .     Faith    .   l - +0 robe
rPois    .         Spirit   .   (no helmet)
rElec    .         Reflect  .   n - +0 cloak
rCorr    .         Harm     .   (no gloves)
MR       .....                  (no boots)
Stlth    ++........             (no amulet)
HPRegen  0.08/turn              (no ring)
MPRegen  0.13/turn              (no ring)

@: very slightly contaminated
A: no striking features
a: no special abilities


You were on level 3 of the Dungeon.
You were not hungry.

You visited 1 branch of the dungeon, and saw 4 of its levels.

You collected 132 gold pieces.

Inventory:

Hand Weapons
 f - a +0 dagger of protection (weapon)
 j - a +2 dagger of venom
Armour
 a - a +0 robe
 l - a +0 robe (worn)
 n - a +0 cloak (worn)
Wands
 p - a wand of enslavement (9)
Scrolls
 d - 3 scrolls of teleportation {unknown}
 e - a scroll of noise {unknown}
 g - a scroll of fog {unknown}
 k - 2 scrolls of identify {unknown}
 m - a scroll of enchant weapon {unknown}
 o - a scroll of random uselessness {unknown}
 r - a scroll of amnesia {unknown}
Potions
 h - a potion of cancellation {unknown}
 i - a potion of might {unknown}
 s - a potion of degeneration {unknown}
Books
 b - a book of Flames

   Spells                             Type                      Level
   a - Flame Tongue                   Conjuration/Fire             1
   b - Throw Flame                    Conjuration/Fire             2
   c - Conjure Flame                  Conjuration/Fire             3
   d - Inner Flame                    Hexes/Fire                   3
   e - Sticky Flame                   Conjuration/Fire             4
   f - Fireball                       Conjuration/Fire             5
Comestibles
 c - 7 rations


   Skills:
 + Level 3.4 Dodging
 - Level 2.6 Stealth
 + Level 4.0 Spellcasting
 + Level 2.2 Conjurations
 * Level 4.8 Fire Magic


You had one spell level left.
You knew the following spells:

 Your Spells              Type           Power        Failure   Level  Hunger
a - Flame Tongue          Conj/Fire      ###..        2%          1    None
b - Throw Flame           Conj/Fire      ###...       4%          2    #......
c - Sticky Flame          Conj/Fire      ###.....     28%         4    ####...
d - Conjure Flame         Conj/Fire      ###.....     9%          3    ###....


Dungeon Overview and Level Annotations

Branches:
Dungeon (4/15)
 Temple: D:4-7

Altars:


Message History

The adder closely misses you. The orc hits you with a club!
* * * LOW HITPOINT WARNING * * *
Casting: Sticky Flame
Confirm with . or Enter, or press ? or * to list all spells.
Aiming: Sticky Flame
Press: ? - help, Shift-Dir - straight line, f/p - scorpion
Aim: a scorpion (moderately wounded)
You miscast Sticky Flame.
Nothing appears to happen.
The adder barely misses you. The scorpion barely misses you.
The orc completely misses you. The adder barely misses you.
Casting: Sticky Flame
Confirm with . or Enter, or press ? or * to list all spells.
You don't have enough magic to cast that spell.
Unknown command.
The orc hits you with a club.
* * * LOW HITPOINT WARNING * * *
The adder bites you.
* * * LOW HITPOINT WARNING * * *
The scorpion stings you.
You die...

##...............+...##'##..P....
.รท...............#...P#))#.......
.........(.......#....#..#..##)#.
.................#....####..#..#.
####.............#....#(.#..#..#.
..........#...........#..'..####.
..........#......##...####.......
..........+....So###.............
..........#...#s@.....####.###...
.....##...#...#######......# ####
......+...'...'.# #.######
.....##...#...#.# #.#
#######...#...#.# #.######
#...#...#.# #......#
#...#...#.##########.#
#...#####..........#.##### #####
##########.#.#...#


You could see a scorpion, an adder and an orc.

Vanquished Creatures
  4 adders
  4 worms
  4 dart slugs
  9 orcs
  2 giant cockroaches (D:1)
  5 goblins
  13 hobgoblins
  A ball python (D:3)
  8 bats
  4 frilled lizards
  8 kobolds
  6 rats
68 creatures vanquished.

Notes
Turn   | Place    | Note
-------+----------+-------------------------------------------
     0 | D:1      | prawnwizard the Deep Elf Fire Elementalist began the quest for the Orb.
     0 | D:1      | Reached XP level 1. HP: 10/10 MP: 6/6
     2 | D:1      | Noticed a halfling
     4 | D:1      | Noticed a vampire
     4 | D:1      | Noticed a minotaur
     6 | D:1      | Noticed a spriggan
     6 | D:1      | Noticed a demonspawn
     8 | D:1      | Noticed a draconian
     8 | D:1      | Noticed a gargoyle
    12 | D:1      | Noticed a merfolk
    12 | D:1      | Noticed an octopode
    14 | D:1      | Noticed a centaur
    14 | D:1      | Noticed an ogre
    16 | D:1      | Noticed a ghoul
    16 | D:1      | Noticed a felid
    18 | D:1      | Noticed a human
    18 | D:1      | Noticed a dwarf
    20 | D:1      | Noticed a troll
    20 | D:1      | Noticed a tengu
    22 | D:1      | Noticed a formicid
    22 | D:1      | Noticed an elf
    24 | D:1      | Noticed a vine stalker
    24 | D:1      | Noticed a naga
    26 | D:1      | Noticed a demigod
   237 | D:1      | Reached XP level 2. HP: 10/15 MP: 1/8
   241 | D:1      | Learned a level 2 spell: Throw Flame
   490 | D:1      | Reached XP level 3. HP: 18/19 MP: 4/9
  1289 | D:3      | Reached XP level 4. HP: 24/24 MP: 5/11
  2328 | D:3      | Learned a level 4 spell: Sticky Flame
  2332 | D:3      | Learned a level 3 spell: Conjure Flame
  2475 | D:4      | Noticed an ogre
  2479 | D:3      | Slain by a scorpion

Skill      XL: |  1  2  3  4 |
---------------+-------------+-----
Fire Magic     | 4 |  4.8
Dodging        | 3 |  3.4
Conjurations   | 2 |  2.2
Spellcasting   | 4 |  4.0
Stealth        | |  2.6

Action                   |  1- 3 |  4- 6 || total
-------------------------+-------+-------++-------
Melee: Dagger            |    17 |    39 ||    56
 Cast: Flame Tongue      |    78 |    56 ||   134
  Use: Scroll            |       |     1 ||     1
  Eat: Chunk             |     1 |     4 ||     5
Armor: Robe              |     7 |    18 ||    25
Dodge: Dodged            |    37 |    48 ||    85
